 Dungeon Crawl Stone Soup version 0.16-a0-1970-g0967df0 (webtiles) character file.

2 thegroundistoosoft the Insei (level 1, 0/18 HPs)
             Began as a Mummy Monk on Nov 8, 2014.
             Slain by a giant gecko (2 damage)
             ... on level 1 of the Dungeon.
             The game lasted 00:01:59 (261 turns).

thegroundistoosoft the Insei (Mummy Monk)            Turns: 261, Time: 00:01:59

Health: 0/18       AC:  0    Str: 14    XL:     1   Next: 25%
Magic:  1/1        EV: 13    Int:  9    God:
Gold:   24         SH:  0    Dex: 14    Spells: 0 memorised, 0 levels left

rFire  x . .     SeeInvis .       - Unarmed
rCold  + . .     Clarity  .     (no armour)
rNeg   + + +     SustAb   .     (no shield)
rPois  +         Gourm    .     (no helmet)
rElec  .         Spirit   .     (no cloak)
rCorr  .         Warding  .     (no gloves)
rMut   .         Stasis   .     (no boots)
MR     .....                    (no amulet)
Stlth  ++........               (no ring)
                                (no ring)

@: not resistant to hostile enchantments, unstealthy
A: no food or potions, fire vulnerability, restore body, cold resistance 1,
negative energy resistance 3, poison resistance, torment resistance, unbreathing
a: no special abilities


You were on level 1 of the Dungeon.
You were not hungry.

You visited 1 branch of the dungeon, and saw 1 of its levels.

You collected 24 gold pieces.


Innate Abilities, Weirdness & Mutations

You do not eat or drink.
Your flesh is vulnerable to fire.
Your flesh is cold resistant.
You are immune to negative energy.
Your system is resistant to poisons.
You are immune to unholy pain and torment.
You can survive without breathing.


   Skills:
 - Level 3.0 Fighting
 - Level 2.4 Dodging
 - Level 1.5 Stealth
 + Level 3.3 Unarmed Combat


You couldn't memorise any spells.
You didn't know any spells.

Inventory:

Scrolls
 b - a scroll of remove curse {unknown}
 c - a scroll of random uselessness {unknown}
Potions
 a - a potion of porridge (quivered)

Dungeon Overview and Level Annotations

Branches:
Dungeon (1/15)

Altars:

#. #. #.## #..#
######.######
#.........).###
..###...###...###
##.....####...##
##...@...#####..##
##....lg...##
##..## #.
##...........##
##..## #.
##......#......##
##..## ..
##......###......##
##..# ##.
##......##
#......## ##.## #..
##......##
#......## #..#
#.####......##
#......####.#
..........!##
##...........


You could see a giant gecko and a hobgoblin.


Message History

No target in view!
Key pressed, stopping explore.
HP restored.
Found 14 gold pieces.
You now have 24 gold pieces (gained 14).
Found 14 gold pieces.
A hobgoblin comes into view. It is wielding a club.
A hobgoblin is nearby!
You swing at nothing.
You swing at nothing.
The hobgoblin shouts!
You closely miss the hobgoblin. The hobgoblin closely misses you.
You hit the hobgoblin but do no damage. The hobgoblin hits you with a club!
You hit the hobgoblin but do no damage. The hobgoblin barely misses you.
You closely miss the hobgoblin. You closely miss the hobgoblin.
The hobgoblin hits you with a club!
* * * LOW HITPOINT WARNING * * *
The hobgoblin hits you with a club.
* * * LOW HITPOINT WARNING * * *
Enter note: this one didn't count Unknown command.
You see here a hand axe.
A giant gecko comes into view.
You see here a murky emerald potion.
The giant gecko barely misses you.
There is a staircase leading out of the dungeon here.
You see here a +0 robe.
Are you sure you want to leave the Dungeon?
This will make you lose the game! The giant gecko bites you.
You die...

Action                   || total
-------------------------++-------
Melee: Unarmed           ||    15

Vault maps used:
D:1:      dpeg_arrival_central, minmay_misc_feat_cross

Notes
Turn   | Place    | Note
--------------------------------------------------------------
     0 | D:1      | thegroundistoosoft, the Mummy Monk, began the quest for the Orb.
     0 | D:1      | Reached XP level 1. HP: 18/18 MP: 1/1
     7 | D:1      | Artagel: ground is made of bedrock
     7 | D:1      | thegroundistoosoft: and ours is the embalmed fist that will pierce it
   126 | D:1      | thegroundistoosoft: another of the rules is that you're not allowed to throw things that are useful
   126 | D:1      | thegroundistoosoft: only funny
   183 | D:1      | Artagel: :D
   192 | D:1      | Artagel: club +
   199 | D:1      | Artagel: best throw
   235 | D:1      | HP: 1/18 [hobgoblin/club (5)]
   237 | D:1      | Artagel: !!!!!!!!
   237 | D:1      | this one didn't count
   261 | D:1      | Slain by a giant gecko

Vanquished Creatures
  A kobold (D:1)
  A bat (D:1)
2 creatures vanquished.
